AoeStats
← Gemuda

Arabia

508936083Analyzed
1v1 RM · 9d ago on Sep 24, 2026· 38m 14s· 2 players
Game mode
Random Map
Map size
Tiny (2 player)
Population
200
Speed
Normal
Resources
Standard
Victory
Conquest
Starting age
Dark Age
Ending age
Imperial Age
RankedLock teamsTeams togetherTeam positionsShared explorationLock speedFull tech treeHidden civsTurbo modeCheats
Victory
Defeat
🇻🇳 Teutons · Vietnam
1162
+1
🇹🇷 Teutons · Türkiye
18
-1
Gemuda
4:29 Loom
12:20 Feudal Age
12:53 Double-Bit Axe
13:50 Wheelbarrow
15:01 Horse Collar
17:05 Town Watch
20:11 Man-at-Arms
24:29 Castle Age
23:26 Gold Mining
23:31 Stone Mining
26:28 Town Patrol
29:49 Elite Skirmisher
30:44 Padded Archer Armor
37:43 Hand Cart
Mr.Peabody
7:16 Loom
9:25 Feudal Age
10:33 Double-Bit Axe
12:56 Horse Collar
13:10 Fletching
13:20 Padded Archer Armor
15:57 Gold Mining
22:26 Castle Age
23:01 Wheelbarrow
22:49 Stone Mining
25:18 Bloodlines
25:22 Forging
25:18 Scale Barding Armor
24:37 Crossbowman
25:31 Bodkin Arrow
27:05 Bow Saw
26:56 Heavy Plow
27:14 Hand Cart
33:51 Imperial Age
32:20 Town Watch
33:23 Leather Archer Armor
33:16 Scale Barding Armor
33:47 Iron Casting
34:27 Cavalier
35:44 Chain Barding Armor
36:24 Blast Furnace
36:01 Crop Rotation
36:35 Two-Man Saw
36:58 Town Patrol
37:37 Paladin
Connection lost

Rejoining the realm…

Still unreachable

The connection could not be restored.

Session expired

The server has moved on; the page needs a fresh start.